 Dungeon Crawl Stone Soup version 0.27.0-1-g7a08968 (webtiles) character file.

Game seed: 5672687818910009026

30183 Illumine the Thaumaturge (level 13, -9/98 HPs)
             Began as a Djinni Fire Elementalist on Aug 13, 2021.
             Was an Initiate of Gozag.
             Mangled by a freezing wraith (20 damage)
             ... in an ice cave.
             The game lasted 00:46:41 (24294 turns).

Illumine the Thaumaturge (DjFE)                    Turns: 24294, Time: 00:46:41

Health: -9/98      AC: 13    Str:  7    XL:     13   Next: 86%
Gold:   449        EV: 16    Int: 23    God:    Gozag SH:  0 Dex: 16

rFire    + + .     SeeInvis .     - Unarmed
rCold    . . .     Faith    .   (shield currently unavailable)
rNeg     . . .     Spirit   +   M - +4 moon troll leather armour {Spirit, Regen++ MP+5}
rPois    ∞         Reflect  .   y - +2 helmet {Int+3}
rElec    .         Harm     .   i - +1 cloak
rCorr    .         Rampage  .   (gloves currently unavailable)
Will     +....                  (boots unavailable)
Stlth    ++........             (no amulet)
HPRegen  2.26/turn              G - ring of protection from cold
MPRegen  0.00/turn              a - ring of wizardry

@: blade hands, flying, very slightly contaminated, slowed, very slow
A: flying, sickness immunity, fire resistance 2, cold vulnerability 1, float,
innate caster, hp casting, extra vitality 1
a: End Transformation, Renounce Religion, Potion Petition, Call Merchant, Bribe
Branch


You were in an ice cave.
You worshipped Gozag.
Gozag was aware of your devotion.
You had blades for hands.
You visited 4 branches of the dungeon, and saw 16 of its levels.
You also visited: Ice Cave.

You collected 4111 gold pieces.
You spent 3569 gold pieces at shops.
You paid 93 gold pieces to Gozag.

Inventory:

Hand Weapons
 b - a +1 spear of protection
 j - a +2 long sword of holy wrath
 E - the +2 quarterstaff of Fyhiofebe {drain, Str+3}
   (You bought it in a shop on level 2 of the Orcish Mines)

   A truly terrible weapon, it drains the life of any living foe it strikes.
   Str:       It affects your strength (+3).
Missiles
 H - a throwing net
Armour
 f - a +0 leather armour of resistance
 i - a +1 cloak (worn)
 r - a +2 robe of fire resistance
 w - a +3 chain mail of willpower
 x - the +1 robe of the Ladybird {Dex+4}
   (You bought it in a shop on level 7 of the Dungeon)

   Dex:       It affects your dexterity (+4).
 y - a +2 helmet of intelligence (worn)
 J - the +10 tower shield of Ignorance (melded) {rN+ Int-4}
   (You bought it in a shop on level 7 of the Dungeon)

   Int:       It affects your intelligence (-4).
   rN:        It protects you from negative energy.
 M - the +4 moon troll leather armour (worn) {Spirit, Regen++ MP+5}
   (You bought it in a shop on level 2 of the Orcish Mines)

   MP:        It affects your magic capacity (+5).
   Regen:     It increases your rate of health regeneration.
Magical Staves
 n - a staff of death
 v - a staff of earth
Jewellery
 a - a ring of wizardry (right blade hand)
 c - a +6 ring of intelligence
 h - a ring of see invisible
 G - a ring of protection from cold (left blade hand)
Wands
 l - a wand of polymorph (11)
 q - a wand of paralysis (8)
 I - a wand of iceblast (16)
Scrolls
 e - 6 scrolls of teleportation
 g - a scroll of noise {unknown}
 p - a scroll of magic mapping {unknown}
 t - 3 scrolls of enchant armour
 u - a scroll of fog
 z - 2 scrolls of enchant weapon
 C - a scroll of fear
 D - a scroll of silence {unknown}
 F - a scroll of holy word {unknown}
 N - a scroll of identify
Potions
 d - 11 potions of curing
 k - a potion of haste
 m - 5 potions of lignification
 o - 2 potions of might
 s - a potion of invisibility
 A - a potion of mutation {unknown}
 B - a potion of magic {unknown}
 K - a potion of brilliance {unknown}
 L - a potion of berserk rage {unknown}


   Skills:
 + Level 10.9 Fighting
 + Level 3.1 Armour
 + Level 10.2 Dodging
 - Level 1.5 Stealth
 + Level 8.1 Shields
 * Level 5.1 Unarmed Combat
 + Level 11.4 Spellcasting


You had one spell level left.
You knew the following spells:

 Your Spells              Type           Power      Damage    Failure   Level
a - Foxfire               Conj/Fire      100%       2x1d9     2%          1
b - Conjure Flame         Conj/Fire      60%        6-21      3%          3
c - Inner Flame           Hex/Fire       60%        N/A       3%          3
d - Sticky Flame          Conj/Fire      60%        2d8       5%          4
e - Fireball              Conj/Fire      30%        3d13      9%          5
f - Sting                 Tmut/Pois      100%       1d8       2%          1
g - Poisonous Vapours     Pois/Air       100%       N/A       2%          2
h - Call Imp              Summ           60%        N/A       2%          2
i - Tukima's Dance        Hex            60%        N/A       3%          3
j - Hailstorm             Conj/Ice       60%        3d13      5%          4
k - Blade Hands           Tmut           30%        N/A       9%          5
Your spell library was empty.

Dungeon Overview and Level Annotations

Branches:
Dungeon (12/15)            Temple (1/1) D:6            Lair (1/6) D:8
    Orc (2/2) D:9             Elf (0/3) Orc:2         IceCv (1/1)

Altars:
Ashenzari
Cheibriados
Dithmenos
Elyvilon
Fedhas
Gozag
Hepliaklqana
Kikubaaqudgha
Makhleb
Nemelex Xobeh
Okawaru
Qazlal
Ru
Sif Muna
Trog
Uskayaw
Vehumet
Wu Jian
Xom
Yredelemnul
Zin
The Shining One
Beogh

Shops:
D:7 [   Orc:2 [([(

Annotations:
D:11 2 transporters, afterthought's ghost, journeyman DjFE


Innate Abilities, Weirdness & Mutations

You have blades for hands.
You are flying.
Your spellcasting is less reliable in this form.
You are incapable of wielding weapons or throwing items.
You are immune to sickness and miasma.
You are immune to poison.
Your flesh is very heat resistant. (rF++)
You are vulnerable to cold. (rC-)
You float through the air rather than walking.
You learn spells naturally, not from books.
Your magical power is your life essence.
You have superior vitality. (+4 HP)


Message History

The freezing wraith hits you but does no damage.
You hit the freezing wraith but do no damage.
The freezing wraith is lightly damaged.
The freezing wraith barely misses you. The freezing wraith misses you.
You barely miss the freezing wraith.
The freezing wraith is lightly damaged.
The freezing wraith hits you! The freezing wraith freezes you!
The freezing wraith barely misses you.
You barely miss the freezing wraith.
The freezing wraith is lightly damaged.
The freezing wraith completely misses you.
The freezing wraith closely misses you. x3
You slice the freezing wraith!!
The freezing wraith is severely damaged.
The freezing wraith hits you. The freezing wraith freezes you!!
* * * LOW HITPOINT WARNING * * *
The freezing wraith hits you.
* * * LOW HITPOINT WARNING * * *
The freezing wraith closely misses you. x2
Casting: Blade Hands (dangerous; 9% risk of failure)
Confirm with . or Enter, or press ? or * to list all spells.
Aiming: Sticky Flame (dangerous; 5% risk of failure)
Press: ? - help, Shift-Dir - straight line, f/p - freezing wraith
Aim: a freezing wraith (severely damaged, 100% to hit)
The sticky flame hits the freezing wraith!
The freezing wraith is burned terribly!
The freezing wraith is almost destroyed.
* * * LOW HITPOINT WARNING * * *
The freezing wraith hits you!
* * * LOW HITPOINT WARNING * * *
The freezing wraith freezes you!
* * * LOW HITPOINT WARNING * * *
The freezing wraith closely misses you.
The freezing wraith completely misses you.
The freezing wraith barely misses you.
You feel better. The freezing wraith hits you.
* * * LOW HITPOINT WARNING * * *
The freezing wraith freezes you!!
You die...
Your body crumbles into a pile of gold.

#### /[$# ##
###.⌠.#
#..#.....####
#....#####≈# #.
####.≈≈#≈#≈#
#..##.W≈#≈≈≈≈##
#..@##≈≈≈#≈≈####
############≈≈.##
###..# ##..##
#..## $ ###..#
##...## #..###
##...#


You could see a freezing wraith.

Vanquished Creatures
  2 orc warlords
  2 centaur warriors (D:10)
  A hydra (D:11)
  A catoblepas (D:10)
  3 ogre magi (D:10)
  2 two-headed ogres (D:10)
  2 orc high priests
  3 cyclopes
  2 orc knights (Orc:1)
  2 orc sorcerers
  An ugly thing (D:11)
  2 manticores
  A gargoyle (D:11)
  An ice statue (IceCv)
  An unseen horror (D:11)
  A yaktaur (shapeshifter) (D:10)
  8 trolls
  2 ice devils (D:12)
  A hornet (D:9)
  Grinder (D:6)
  Prince Ribbit (D:5)
  Sigmund (D:2)
  4 yaks (D:10)
  A redback (shapeshifter) (D:8)
  A steam dragon (D:9)
  4 vampire mosquitoes (D:10)
  Menkaure (D:7)
  7 wargs
  6 water moccasins
  Duvessa (D:6)
  36 orc warriors
  6 black bears
  8 ogres
  2 centaurs
  A phantom (D:7)
  6 kobold brigands
  6 scorpions
  3 gnoll sergeants
  3 two-headed ogre simulacra (IceCv)
  4 water moccasin skeletons
  Dowan (D:6)
  16 killer bees
  7 wights
  2 vampire bats (D:7)
  3 howler monkeys
  A centaur zombie (D:9)
  A bullfrog skeleton (D:6)
  An iron imp (D:6)
  A jelly (D:5)
  A gnoll shaman (D:6)
  4 hounds
  19 orc priests
  A centaur skeleton (D:3)
  Crazy Yiuf (D:3)
  Jessica (D:2)
  Natasha (thrice) (D:4)
  2 spriggan simulacra (IceCv)
  A troll simulacrum (IceCv)
  29 orc wizards
  A polar bear simulacrum (IceCv)
  A hound zombie (D:5)
  A hound skeleton (D:4)
  2 howler monkey zombies
  Robin (D:2)
  19 gnolls
  10 adders
  A naga simulacrum (IceCv)
  2 shadow imps
  2 white imps (IceCv)
  3 ufetubi
  3 worms
  2 dart slugs
  107 orcs
  10 ball pythons
  3 bat skeletons (D:7)
  A bat zombie (D:7)
  11 endoplasms
  A giant cockroach (D:4)
  20 goblins
  11 hobgoblins
  7 jackals
  18 kobolds
  2 quokkas
  4 bats
  4 frilled lizards (D:1)
  7 hobgoblin zombies (D:6)
  A kobold zombie (D:6)
  2 orc skeletons (D:6)
  6 rats
499 creatures vanquished.

Vanquished Creatures (collateral kills)
  3 foxfires (D:6)
3 creatures vanquished.

Vanquished Creatures (others)
  1138 foxfires
  40 fungi (D:8)
  67 plants
1245 creatures vanquished.

Grand Total: 1747 creatures vanquished

Notes
Turn   | Place    | Note
-------+----------+-------------------------------------------
     0 | D:1      | Illumine the Djinni Fire Elementalist began the quest for
                  | the Orb.
     0 | D:1      | Reached XP level 1. HP: 15/15 MP: 0/0
   129 | D:1      | Reached XP level 2. HP: 13/21 MP: 0/0
   526 | D:1      | Found a faded altar of an unknown god.
   548 | D:1      | Reached skill level 3 in Spellcasting
   762 | D:1      | Reached XP level 3. HP: 22/25 MP: 0/0
   762 | D:1      | Learned a level 1 spell: Sting
  1180 | D:2      | Noticed Jessica
  1189 | D:2      | Killed Jessica
  1190 | D:2      | Reached skill level 1 in Fighting
  1190 | D:2      | Reached XP level 4. HP: 28/32 MP: 0/0
  1367 | D:2      | Noticed Sigmund
  1574 | D:3      | Reached skill level 4 in Spellcasting
  1574 | D:3      | Reached XP level 5. HP: 30/37 MP: 0/0
  1574 | D:3      | Learned a level 2 spell: Poisonous Vapours
  1908 | D:3      | Found Ashy's Armour Emporium.
  1913 | D:3      | Noticed a kobold brigand
  1926 | D:3      | Killed a kobold brigand
  1927 | D:3      | Reached XP level 6. HP: 39/44 MP: 0/0
  2506 | D:3      | Found a runed translucent door.
  2507 | D:3      | Noticed Crazy Yiuf
  2521 | D:3      | HP: 2/45 [Crazy Yiuf (14)]
  2839 | D:4      | Noticed an ogre
  2856 | D:3      | Killed Crazy Yiuf
  3309 | D:4      | Noticed a water moccasin
  3443 | D:4      | Noticed an ogre
  3452 | D:4      | Killed an ogre
  3453 | D:4      | Reached skill level 5 in Spellcasting
  3453 | D:4      | Reached XP level 7. HP: 36/50 MP: 0/0
  3453 | D:4      | Learned a level 2 spell: Call Imp
  4049 | D:4      | Noticed Natasha
  4058 | D:4      | Killed Natasha
  4142 | D:4      | Noticed Natasha
  4150 | D:4      | Killed Natasha
  4222 | D:4      | Noticed Natasha
  4227 | D:4      | Killed Natasha
  4741 | D:4      | Killed a water moccasin
  4742 | D:4      | Reached XP level 8. HP: 37/58 MP: 0/0
  5019 | D:5      | Entered Level 5 of the Dungeon
  5025 | D:5      | Reached skill level 6 in Spellcasting
  5494 | D:5      | Reached skill level 5 in Fighting
  5773 | D:5      | Reached skill level 7 in Spellcasting
  5798 | D:5      | Reached XP level 9. HP: 63/65 MP: 0/0
  5798 | D:5      | Learned a level 3 spell: Tukima's Dance
  5950 | D:5      | Noticed Prince Ribbit
  5963 | D:5      | Killed Prince Ribbit
  6857 | D:2      | Found a basalt altar of Yredelemnul.
  6918 | D:2      | Noticed Robin
  6937 | D:2      | Killed Robin
  7267 | D:2      | Killed Sigmund
  7527 | D:6      | Noticed Grinder
  7667 | D:6      | Killed Grinder
  7668 | D:6      | Reached skill level 8 in Spellcasting
  8111 | D:6      | Noticed Dowan
  8117 | D:6      | Noticed Duvessa
  8127 | D:6      | Killed Dowan
  8129 | D:6      | Killed Duvessa
  8316 | D:6      | Found a staircase to the Ecumenical Temple.
  8327 | Temple   | Entered the Ecumenical Temple
  8549 | Temple   | Became a worshipper of Gozag Ym Sagoz the Greedy
  8614 | D:6      | Reached XP level 10. HP: 30/73 MP: 0/0
  8844 | D:6      | Found a glowing golden altar of the Shining One.
  9174 | D:7      | Found Ythrodun's Antique Armour Shop.
  9178 | D:7      | Bought a ripped robe for 114 gold pieces
  9178 | D:7      | Identified the +1 robe of the Ladybird {Dex+4} (You bought
                  | it in a shop on level 7 of the Dungeon)
  9178 | D:7      | Bought a runed helmet for 150 gold pieces
  9209 | D:6      | Reached skill level 1 in Armour
  9480 | D:7      | Noticed Menkaure
  9487 | D:7      | Killed Menkaure
 10214 | D:7      | Reached skill level 5 in Dodging
 10394 | D:7      | Reached skill level 9 in Spellcasting
 10990 | D:8      | Found a burning altar of Makhleb.
 11103 | D:8      | Noticed a manticore
 11939 | D:8      | Found a staircase to the Lair.
 12172 | D:8      | Reached XP level 11. HP: 57/81 MP: 0/0
 12172 | D:8      | Learned a level 4 spell: Hailstorm
 12288 | D:8      | Killed a manticore
 12603 | D:8      | Found a shimmering altar of Xom.
 12750 | Lair:1   | Entered Level 1 of the Lair of Beasts
 12823 | Lair:1   | Noticed a seven-headed hydra
 12984 | D:9      | Reached skill level 10 in Spellcasting
 13433 | D:9      | Noticed a cyclops
 13439 | D:9      | Killed a cyclops
 14193 | D:9      | Found a staircase to the Orcish Mines.
 14528 | D:7      | Bought the +10 tower shield of Ignorance {rN+ Int-4} for
                  | 1146 gold pieces
 14528 | D:7      | Found the +10 tower shield of Ignorance {rN+ Int-4}
 14858 | D:9      | Reached skill level 1 in Shields
 14966 | D:10     | Entered Level 10 of the Dungeon
 16297 | D:10     | Noticed a two-headed ogre
 16304 | D:10     | Killed a two-headed ogre
 16479 | D:10     | Reached XP level 12. HP: 65/89 MP: 0/0
 16691 | D:10     | Noticed a centaur warrior
 16698 | D:10     | Killed a centaur warrior
 16841 | D:10     | Noticed an ogre mage
 16850 | D:10     | Killed an ogre mage
 16938 | D:10     | Noticed an ogre mage
 16946 | D:10     | Killed an ogre mage
 16947 | D:10     | Reached skill level 5 in Shields
 17209 | D:10     | Noticed an ogre mage
 17217 | D:10     | Killed an ogre mage
 17415 | D:10     | Noticed an entropy weaver
 17421 | D:10     | Noticed a catoblepas
 17766 | D:10     | Killed a catoblepas
 17986 | D:10     | Noticed a centaur warrior
 17990 | D:10     | Killed a centaur warrior
 17991 | D:10     | Reached skill level 10 in Fighting
 18366 | D:11     | Noticed a six-headed hydra
 18435 | Orc:1    | Entered Level 1 of the Orcish Mines
 18530 | Orc:1    | Noticed an orc warlord
 18637 | D:9      | Killed an orc warlord
 18638 | D:9      | Reached skill level 11 in Spellcasting
 19477 | Orc:1    | Reached XP level 13. HP: 84/96 MP: 0/0
 19477 | Orc:1    | Learned a level 5 spell: Blade Hands
 20103 | Orc:2    | Entered Level 2 of the Orcish Mines
 20105 | Orc:2    | Found a staircase to the Elven Halls.
 20218 | Orc:2    | Reached skill level 1 in Unarmed Combat
 21666 | Orc:2    | Found Siczut's Antique Armour Shop.
 21989 | Orc:2    | Noticed an orc warlord
 22011 | Orc:2    | Killed an orc warlord
 22338 | Orc:1    | Reached skill level 10 in Dodging
 22836 | Orc:2    | Found Uhurr's Antique Armour Shoppe.
 22841 | Orc:2    | Found Cedim's Antique Weapon Emporium.
 22846 | Orc:2    | Bought a bloodstained quarterstaff for 252 gold pieces
 22846 | Orc:2    | Identified the +2 quarterstaff of Fyhiofebe {drain, Str+3}
                  | (You bought it in a shop on level 2 of the Orcish Mines)
 22940 | Orc:2    | Found Noegguuc's Weapon Emporium.
 23118 | Orc:2    | Bought the +4 moon troll leather armour {Spirit, Regen++
                  | MP+5} for 1907 gold pieces
 23118 | Orc:2    | Found the +4 moon troll leather armour {Spirit, Regen++
                  | MP+5}
 23485 | D:11     | Killed a six-headed hydra
 23525 | D:11     | Noticed afterthought's ghost (journeyman DjFE)
 23526 | D:11     | Found a transporter.
 23526 | D:11     | Found a transporter.
 23526 | D:11     | Identified the +8 great mace of the Jumping Stork {protect,
                  | Drain rC- Will+++ Int+5}
 24061 | D:12     | Found a frozen archway.
 24075 | D:12     | Reached skill level 5 in Unarmed Combat
 24085 | IceCv    | Entered an ice cave
 24294 | IceCv    | Mangled by a freezing wraith

Illustrated notes

Levels and vault maps discovered:
D:1:      evilmike_arrival_plus, layout_basic,
          shapermc_ecumenical_altar_acropolis
D:2:      layout_basic, basic_altar, uniq_robin, uniq_sigmund, uniq_jessica
D:3:      layout_basic, led_sif_book, vehumet_crystals, serial_shops,
          nicolae_square_shop, uniq_crazy_yiuf_cottage
D:4:      layout_loops_ring, minmay_checkerbox, uniq_natasha
D:5:      layout_basic, uniq_prince_ribbit1
D:6:      layout_rooms, nicolae_tso_besieged_by_evil,
          minmay_temple_entry_statues_fountains, kennysheep_boxes, uniq_duvessa,
          uniq_grinder
D:7:      layout_loops_ring, kennysheep_vampire_church, serial_shops,
          nicolae_diamond_shop, uniq_menkaure
D:8:      minmay_chambers_of_sixes, layout_rooms, bloody_makhleb,
          amcnicky_altar_gilded, due_lair_maze_entry_diamond
D:9:      layout_loops_ring, david_orc_5, st_stairs_10,
          chequers_serial_rivers_micro_c, minmay_misc_feat_pillars
D:10:     layout_roguey, minmay_evil_grid
D:11:     layout_roguey, serial_rivers, chequers_serial_rivers_marsh,
          chequers_serial_rivers_marsh, chequers_serial_rivers_micro_c,
          chequers_serial_rivers_room_a, gammafunk_ghost_smash,
          serial_bayou_pond_d, uniq_psyche
D:12:     layout_grid_maze, portal_ice_cave_demonic_guard,
          chequers_serial_rivers_micro_c
Temple:   eino_temple_rhombus
Lair:1:   layout_roguey, ebering_ghost_rock_garden
Orc:1:    nicolae_orc_accident_2, layout_caves
Orc:2:    grunt_orc_community_town_hall, layout_diamond_mine,
          grunt_orc_community_big_house_2, grunt_orc_community_big_house_1,
          grunt_orc_community_house_3, grunt_orc_community_house_2,
          grunt_orc_community_house_1, grunt_orc_community_house_3,
          grunt_orc_community_house_1, bh_open_orc_temple
IceCv:    ice_cave_caverns_03

Skill      XL: |  1  2  3  4  5  6  7  8  9 10 11 12 13 |
---------------+----------------------------------------+-----
Spellcasting   | 3 4 5 7 8 9 10 11 | 11.4
Fighting       | 1 2 3 4 5 6 8 9 10 | 10.9
Dodging        | 4 6 8 9 10 | 10.2
Armour         | 1 3 |  3.1
Shields        | 3 7 8 |  8.1
Unarmed Combat | 5 |  5.1
Stealth        | |  1.5

Action                   |  1- 3 |  4- 6 |  7- 9 | 10-12 | 13-15 || total
-------------------------+-------+-------+-------+-------+-------++-------
Melee: Spear             |     4 |    10 |     9 |       |       ||    23
       Long sword        |       |       |    85 |    60 |     5 ||   150
       Unarmed           |       |       |       |       |   121 ||   121
 Cast: Foxfire           |    50 |    79 |   115 |   289 |   136 ||   669
       Sticky Flame      |       |     1 |    25 |    81 |    45 ||   152
       Poisonous Vapours |       |       |     9 |    21 |    14 ||    44
       Fireball          |       |       |     4 |    58 |    22 ||    84
       Tukima's Dance    |       |       |     1 |     1 |       ||     2
       Conjure Flame     |       |       |     1 |       |       ||     1
       Hailstorm         |       |       |       |     3 |     1 ||     4
       Blade Hands       |       |       |       |       |    17 ||    17
  Use: Scroll            |       |     1 |     5 |     6 |     5 ||    17
       Potion            |       |       |       |     2 |     1 ||     3
 Stab: Sleeping          |     1 |     1 |       |       |       ||     2
       Distracted        |       |       |       |     1 |     2 ||     3
Armor: Robe              |       |     3 |    29 |    45 |    17 ||    94
       Troll leather arm |       |       |       |       |    16 ||    16
Dodge: Dodged            |       |    20 |   106 |   218 |   104 ||   448
Block: Tower shield      |       |       |       |     9 |   183 ||   192
       Rpst.: Long sword |       |       |    38 |    59 |       ||    97
